 Dungeon Crawl Stone Soup version 0.31-a0-631-g285b096dc4 (webtiles) character file.

Game seed: 17064632589119508133

3998 wazuzu the Slicer (level 10, -4/90 HPs)
             Began as a Kobold Artificer on Aug 25, 2023.
             Was a Follower of Dithmenos.
             Slain by a komodo dragon (19 damage)
             ... on level 8 of the Dungeon.
             The game lasted 00:29:08 (8238 turns).

wazuzu the Slicer (Kobold Artificer)                Turns: 8238, Time: 00:29:09

Health: -4/90      AC: 25    Str: 15    XL:     10   Next: 46%
Magic:  10/10      EV:  3    Int: 12    God:    Dithmenos [*.....]
Gold:   1009       SH:  0    Dex: 15    Spells: 9/9 levels left

rFire   . . .        V - +1 dagger (venom)
rCold   . . .        (no shield)
rNeg    . . .        P - melded +2 steam dragon scales
rPois   +            q - melded +1 helmet
rElec   .            A - melded +1 cloak
rCorr   +            w - melded +0 pair of gloves
SInv    .            (boots currently unavailable)
Will    .....        R - amulet of the acrobat
Stlth   ++++++       F - ring of poison resistance
HPRegen 0.35/turn    K - ring of resist corrosion
MPRegen 0.12/turn

%: acrobat
@: tree-form, wreathed by umbra
A: stationary, stasis, torment immunity, boosted hp, small, no large weapons,
nightstalker 3
a: Renounce Religion


You were on level 8 of the Dungeon.
You worshipped Dithmenos.
Dithmenos was aware of your devotion.
You were a tree.
You visited 2 branches of the dungeon, and saw 10 of its levels.

You collected 1022 gold pieces.
You spent 13 gold pieces at shops.


Innate Abilities, Weirdness & Mutations

You are a tree.
Your roots penetrate the ground, keeping you stationary.
You cannot be teleported.
You are immune to unholy pain and torment.
Your maximum health is greatly increased.
Your equipment is partially melded.
You are small and have problems with some larger weapons.
You are completely attuned to the shadows.


   Skills:
 - Level 6.0 Fighting
 * Level 12.2 Short Blades
 - Level 0.7 Armour
 - Level 2.4 Dodging
 + Level 9.5 Stealth
 + Level 8.8 Evocations


You had 9 spell levels left.
You didn't know any spells.
Your spell library contained the following spells:

 Spells                   Type           Power      Damage    Failure   Level
 Apportation              Tloc           0%         N/A       32%         1
 Foxfire                  Conj/Fire      0%         2x1d4     32%         1
 Necrotise                Necr           0%         1d4       32%         1
 Summon Small Mammal      Summ           0%         N/A       32%         1
 Sublimation of Blood     Necr           0%         N/A       45%         2
 Call Canine Familiar     Summ           0%         N/A       69%         3
 Summon Guardian Golem    Hex/Summ       0%         N/A       69%         3
 Petrify                  Tmut/Erth      0%         N/A       97%         4
 Irradiate                Conj/Tmut      0%         3d11      100%        5
 Plasma Beam              Fire/Air       0%         2x1d10    100%        6
 Starburst                Conj/Fire      0%         6d3       100%        6


Dungeon Overview and Level Annotations

Branches:
Dungeon (9/15)             Temple (1/1) D:5            Lair (0/5) D:8
    Orc: D:9-12

Altars:
Ashenzari
Dithmenos
Elyvilon
Fedhas
Gozag
Hepliaklqana
Kikubaaqudgha
Makhleb
Nemelex Xobeh
Okawaru
Qazlal
Ru
Sif Muna
Trog
Uskayaw
Vehumet
Wu Jian
Xom
Yredelemnul
The Shining One

Shops:
D:1 [   D:5 ?   D:6 ?

Annotations:
D:7 2 transporters, zero's ghost, novice SpEn

Inventory:

Hand Weapons
 i - a +1 rapier of flaming
 V - a +1 dagger of venom (weapon)
Missiles
 k - 27 poisoned darts
 r - 3 datura-tipped darts
 N - a throwing net
Armour
 q - a +1 helmet (melded)
 w - a +0 pair of gloves (melded)
 A - a +1 cloak (melded)
 L - +0 fire dragon scales
 P - +2 steam dragon scales (melded)
Jewellery
 F - a ring of poison resistance (left branch)
 K - a ring of resist corrosion (right branch)
 R - an amulet of the acrobat (around neck)
 U - an amulet of magic regeneration
Wands
 d - a wand of charming (2)
 e - a wand of iceblast (1)
 u - a wand of polymorph (8)
 G - a wand of light (2)
Scrolls
 g - 6 scrolls of teleportation
 p - 2 scrolls of enchant armour
 y - a scroll of poison
 H - a scroll of summoning {unknown}
 W - a scroll of fear
Potions
 h - 5 potions of heal wounds
 n - a potion of berserk rage {unknown}
 s - a potion of mutation {unknown}
 x - 3 potions of brilliance
 z - 2 potions of enlightenment
 B - a potion of resistance {unknown}
 D - a potion of attraction
 E - a potion of invisibility {unknown}
 M - a potion of might {unknown}
 Q - 2 potions of curing
 T - a potion of magic {unknown}
 X - a potion of haste {unknown}

.##...#######....#'#########+##..
.#..........#....#........#......
.#..........#....#........#......
.#......####.....####.....'......
+#########...P...P.###########'##
........#......PP..P#............
...............PPPPP#............
............PPP...PP#............
.........PPPPP..♣.PP#............
........#PPPPPP..lPP#............
#......###PPPPPPPPP##..###'######
#......'#############..'.....#...
#......#...#......#....#.....#...
#......##.##.###..#....#######..#
###.....####.###..##.....#..#####
..'.....'..........#.....#.......
..#.....#..z.......#.....#.......


You could see a komodo dragon (extremely poisoned).


Message History

The komodo dragon looks as sick as possible!
The komodo dragon is lightly wounded.
The komodo dragon bites you!
You hit the komodo dragon.
The komodo dragon is moderately wounded.
You hit the komodo dragon but do no damage.
The komodo dragon is moderately wounded.
The komodo dragon bites you but does no damage.
You completely miss the komodo dragon.
The komodo dragon is moderately wounded.
You hit the komodo dragon but do no damage.
The komodo dragon is moderately wounded.
The komodo dragon barely misses you.
You barely miss the komodo dragon.
The komodo dragon is moderately wounded.
You hit the komodo dragon but do no damage.
The komodo dragon is moderately wounded.
The komodo dragon bites you.
You hit the komodo dragon but do no damage.
The komodo dragon is moderately wounded.
You barely miss the komodo dragon.
The komodo dragon is moderately wounded.
The komodo dragon bites you but does no damage.
You barely miss the komodo dragon.
The komodo dragon is moderately wounded.
You barely miss the komodo dragon.
The komodo dragon is moderately wounded.
The komodo dragon bites you.
You hit the komodo dragon but do no damage.
The komodo dragon looks as sick as possible!
The komodo dragon is moderately wounded.
You hit the komodo dragon but do no damage.
The komodo dragon looks as sick as possible!
The komodo dragon is moderately wounded.
The komodo dragon bites you!!
You hit the komodo dragon but do no damage.
The komodo dragon looks as sick as possible!
The komodo dragon is heavily wounded.
You hit the komodo dragon but do no damage.
The komodo dragon looks as sick as possible!
The komodo dragon is heavily wounded.
The komodo dragon bites you!
You barely miss the komodo dragon.
The komodo dragon is heavily wounded.
You hit the komodo dragon but do no damage.
The komodo dragon looks as sick as possible!
The komodo dragon is heavily wounded.
The komodo dragon bites you.
You hit the komodo dragon.
The komodo dragon looks as sick as possible!
The komodo dragon is severely wounded.
You closely miss the komodo dragon.
The komodo dragon is severely wounded.
The komodo dragon bites you!
* * * LOW HITPOINT WARNING * * *
You hit the komodo dragon but do no damage.
The komodo dragon is severely wounded.
You hit the komodo dragon but do no damage.
The komodo dragon looks as sick as possible!
The komodo dragon is severely wounded.
The komodo dragon bites you!!
* * * LOW HITPOINT WARNING * * *
You hit the komodo dragon but do no damage.
The komodo dragon looks as sick as possible!
The komodo dragon is severely wounded.
You hit the komodo dragon but do no damage.
The komodo dragon looks as sick as possible!
The komodo dragon is severely wounded.
The komodo dragon bites you!!
You die...

Action                     |  1- 3 |  4- 6 |  7- 9 | 10-12 || total
---------------------------+-------+-------+-------+-------++-------
  Melee: Club              |    21 |       |       |       ||    21
         Dagger            |    21 |    62 |       |    88 ||   171
         Rapier            |       |   121 |   354 |    86 ||   561
         Punch             |       |     1 |     8 |     4 ||    13
  Evoke: Wand              |     7 |    12 |    32 |     2 ||    53
    Use: Scroll            |       |     2 |     8 |     9 ||    19
         Potion            |       |     1 |     2 |     1 ||     4
   Stab: Sleeping          |     9 |    20 |    11 |     1 ||    41
         Distracted        |       |       |     7 |       ||     7
         Invisible         |       |       |     1 |     1 ||     2
 Armour: Leather armour    |     4 |    51 |    12 |       ||    67
         Ring mail         |       |       |    47 |       ||    47
         Steam dragon scal |       |       |    36 |    20 ||    56
         Skin              |       |       |    26 |     2 ||    28
  Dodge: Dodged            |    27 |   142 |   209 |    90 ||   468

Levels and vault maps discovered:
D:1:      dpeg_arrival_boxes_within_box, layout_basic, serial_shops, shop,
          hellmonk_ecumenical_altar_arch_garden, minivault_14
D:2:      layout_rooms, hex_tiny, uniq_robin, uniq_sigmund
D:3:      kennysheep_goblin_castle, layout_basic, nicolae_tso_besieged_by_evil,
          vehumet_altar_wand_db
D:4:      corexii_shack_village, layout_loops_cross, uniq_grinder,
          uniq_crazy_yiuf_cottage
D:5:      layout_basic, minitemple, minmay_temple_entry_sparse_star,
          serial_shops, nicolae_shop_rolling_square
D:6:      wander_river, layout_cave_pools, serial_shops, shop,
          uniq_prince_ribbit1, uniq_maggie
D:7:      layout_basic, gammafunk_ghost_berserking_beasts
D:8:      layout_gridville, david_lair_shrubbed, uniq_pikel, uniq_grum
D:9:      layout_stronghold, mainiacjoe_overflow_swirl
Temple:   nicolae_temple_superstar

Notes
Turn   | Place    | Note
-------+----------+-------------------------------------------
     0 | D:1      | wazuzu the Kobold Artificer began the quest for the Orb.
     0 | D:1      | Reached XP level 1. HP: 12/12 MP: 1/1
    23 | D:1      | HP: 3/12 [hobgoblin (2)]
    31 | D:1      | HP: 2/12 [hobgoblin (4)]
   126 | D:1      | Found a faded altar of an unknown god.
   149 | D:1      | Reached XP level 2. HP: 16/16 MP: 2/2
   159 | D:1      | Reached skill level 1 in Short Blades
   192 | D:1      | Found Yklafade's Antique Armour Emporium.
   294 | D:1      | Reached skill level 2 in Stealth
   779 | D:2      | Noticed Sigmund
   788 | D:2      | HP: 2/16 [Sigmund/magic dart (5)]
   789 | D:2      | Killed Sigmund
   790 | D:2      | Reached skill level 2 in Fighting
   790 | D:2      | Reached skill level 3 in Short Blades
   790 | D:2      | Reached skill level 3 in Stealth
   790 | D:2      | Reached skill level 4 in Evocations
   790 | D:2      | Reached XP level 3. HP: 3/22 MP: 3/3
   790 | D:2      | Reached XP level 4. HP: 4/27 MP: 4/4
   790 | D:2      | Reached XP level 5. HP: 5/31 MP: 5/5
   959 | D:2      | Reached skill level 4 in Short Blades
  1200 | D:2      | Noticed Robin
  1502 | D:2      | Reached XP level 6. HP: 36/36 MP: 6/6
  1535 | D:2      | Killed Robin
  1711 | D:3      | Found a radiant altar of Vehumet.
  1789 | D:3      | Found a glowing golden altar of the Shining One.
  2120 | D:3      | wazuzu: ??evocations
  2120 | D:3      | beem: evocations[1/3]: This skill affects wands and
                  | abilities gained from items. Evocation skill adds to wand
                  | power (see {wand power}), though spell power caps are still
                  | respected.
  2120 | D:3      | wazuzu: ??evocations[2
  2120 | D:3      | beem: evocations[2/3]: Prior to 0.26, evocations skill
                  | increased your max MP.
  2120 | D:3      | wazuzu: ??evocations[3
  2120 | D:3      | beem: evocations[3/3]: You might want {curse[2]}, for the
                  | Ashenzari curse. But it's literally just Evocations, so I'm
                  | not sure what else you're hoping to learn.
  2170 | D:3      | Noticed Ijyb
  2179 | D:3      | Killed Ijyb
  2180 | D:3      | Reached skill level 3 in Fighting
  2180 | D:3      | Reached skill level 4 in Stealth
  2451 | D:4      | Reached skill level 5 in Short Blades
  2451 | D:4      | Reached skill level 5 in Evocations
  2471 | D:4      | Found a runed translucent door.
  2474 | D:4      | Noticed Crazy Yiuf
  2483 | D:4      | Killed Crazy Yiuf
  2483 | D:4      | HP: 9/36 [poisoned by Crazy Yiuf]
  2684 | D:4      | Noticed Grinder
  2692 | D:4      | Killed Grinder
  2693 | D:4      | Reached skill level 6 in Short Blades
  2693 | D:4      | Reached XP level 7. HP: 28/41 MP: 7/7
  2981 | D:4      | Reached skill level 5 in Stealth
  3249 | D:4      | Reached XP level 8. HP: 44/48 MP: 8/8
  3522 | D:4      | Reached skill level 4 in Fighting
  3699 | D:5      | Entered Level 5 of the Dungeon
  3753 | D:5      | Reached skill level 7 in Short Blades
  3778 | D:5      | Found Raem's Magic Scroll Shoppe.
  3784 | D:5      | Bought a scroll of noise for 13 gold pieces
  3974 | D:5      | Found a burning altar of Makhleb.
  3976 | D:5      | Found a hide-covered altar of Uskayaw.
  3978 | D:5      | Found a hazy altar of Hepliaklqana.
  3981 | D:5      | Found an iron altar of Okawaru.
  4015 | D:5      | Found a staircase to the Ecumenical Temple.
  4032 | D:5      | Reached skill level 6 in Evocations
  4036 | Temple   | Entered the Ecumenical Temple
  4077 | Temple   | Became a worshipper of Dithmenos the Shadowed
  4632 | D:6      | Reached skill level 6 in Stealth
  4897 | D:6      | Reached skill level 8 in Short Blades
  4901 | D:6      | Noticed Prince Ribbit
  4920 | D:6      | Killed Prince Ribbit
  4921 | D:6      | Reached skill level 5 in Fighting
  4921 | D:6      | Reached XP level 9. HP: 47/54 MP: 9/9
  4990 | D:6      | Noticed Maggie
  5004 | D:6      | Killed Maggie
  5005 | D:6      | Reached skill level 9 in Short Blades
  5005 | D:6      | Reached skill level 7 in Stealth
  5005 | D:6      | Reached skill level 7 in Evocations
  5180 | D:6      | Found Peor's Magic Scroll Boutique.
  5669 | D:7      | Found a transporter.
  5677 | D:7      | Found a transporter.
  5687 | D:7      | Noticed a moth of wrath
  5730 | D:7      | Reached * piety under Dithmenos
  5892 | D:7      | Reached skill level 10 in Short Blades
  6077 | D:7      | You fall into a shaft and drop 2 floors!
  6372 | D:8      | Found a staircase to the Lair.
  6467 | D:8      | Reached skill level 6 in Fighting
  6538 | D:8      | Reached skill level 8 in Stealth
  6595 | D:8      | wazuzu: ??drain
  6595 | D:8      | beem: drain[1/4]: For players, reduces your max HP until
                  | you gain enough XP to restore it (no long-term effect). A
                  | potion of experience does not end the effect. Common
                  | sources are {bolt of draining}, monsters wielding a
                  | {draining brand} weapon, costs for Ru or Dith god
                  | abilities, evocable {+Invis}, and the {*drain} artefact
                  | property. For the monster debuff, see drain[2].
  6728 | D:8      | Noticed Grum
  6735 | D:8      | Reached skill level 8 in Evocations
  6735 | D:8      | Reached XP level 10. HP: 59/60 MP: 10/10
  6751 | D:8      | Killed Grum
  6752 | D:8      | Reached skill level 11 in Short Blades
  7107 | D:7      | Reached skill level 9 in Stealth
  7337 | D:7      | Noticed zero's ghost (novice SpEn)
  7460 | D:8      | Noticed a komodo dragon
  7551 | D:8      | Noticed Pikel
  7807 | D:8      | Killed Pikel
  7808 | D:8      | Reached skill level 12 in Short Blades
  7897 | D:8      | Identified a scroll of acquirement
  7897 | D:8      | Acquired 569 gold pieces
  8236 | D:8      | HP: 15/90 [komodo dragon (18)]
  8238 | D:8      | Slain by a komodo dragon

Vanquished Creatures
  Pikel (D:8)
  Maggie (D:6)
  Grinder (D:4)
  Prince Ribbit (D:6)
  Sigmund (D:2)
  A steam dragon (D:9)
  Grum (D:8)
  3 orc warriors (D:7)
  A black bear (D:8)
  3 ice beasts
  3 wolves (D:8)
  A centaur (D:8)
  3 lemures (D:8)
  2 phantoms
  2 bullfrogs (D:6)
  A scorpion (D:5)
  4 wights (D:8)
  4 orc priests
  A hound (D:6)
  Crazy Yiuf (D:4)
  A sleepcap (D:6)
  Ijyb (D:3)
  5 iguanas
  8 orc wizards
  Robin (D:2)
  3 gnolls (D:4)
  7 adders
  A shadow imp (D:7)
  A white imp (D:3)
  2 worms
  A dart slug (D:3)
  25 orcs
  8 ball pythons
  3 endoplasms
  2 giant cockroaches (D:1)
  20 goblins
  9 hobgoblins
  5 jackals
  2 quokkas
  4 bats
  2 frilled lizards (D:2)
  2 goblin skeletons (D:3)
  A goblin zombie (D:3)
  2 hobgoblin zombies (D:3)
  7 kobolds
  2 kobold zombies (D:3)
  3 rats
164 creatures vanquished.

Vanquished Creatures (collateral kills)
  A wyvern (D:7)
  2 orc wizards
3 creatures vanquished.

Vanquished Creatures (others)
  An adder (D:6)
  A goblin (D:2)
  A jackal (D:3)
3 creatures vanquished.

Grand Total: 170 creatures vanquished
